 Dungeon Crawl Stone Soup version 0.28-a0-1356-g2ad6d04315 (webtiles) character file.

Game seed: 15962794706631303414

61 skittles the Magician (level 4, -12/32 HPs)
             Began as a Djinni Conjurer on Dec 31, 2021.
             Mangled by an ice beast (13 damage)
             ... on level 4 of the Dungeon.
             The game lasted 00:07:13 (3344 turns).

skittles the Magician (Djinni Conjurer)             Turns: 3344, Time: 00:07:14

Health: -12/32     AC:  2    Str:  6    XL:     4   Next: 27%
Gold:   100        EV: 12    Int: 21    God:
                   SH:  0    Dex: 12

rFire   + + .      SeeInvis .   f - +0 short sword (drain)
rCold   x . .      Faith    .   (no shield)
rNeg    . . .      Spirit   .   a - +0 robe
rPois   ∞          Reflect  .   (no helmet)
rElec   .          Harm     .   (no cloak)
rCorr   .          Rampage  .   (no gloves)
Will    .....                   (boots unavailable)
Stlth   ++........              (no amulet)
HPRegen 0.10/turn               (no ring)
MPRegen 0.00/turn               (no ring)

@: flying
A: sickness immunity, fire resistance 2, cold vulnerability 1, float, innate
caster, hp casting, extra vitality 1
a: no special abilities


You were on level 4 of the Dungeon.
You visited 1 branch of the dungeon, and saw 4 of its levels.

You collected 100 gold pieces.

Inventory:

Hand Weapons
 f - a +0 short sword of draining (weapon)
Armour
 a - a +0 robe (worn)
Jewellery
 g - a ring of ice
Scrolls
 c - 4 scrolls of teleportation {unknown}
 d - 2 scrolls of identify
 e - a scroll of magic mapping {unknown}
 h - a scroll of noise {unknown}
Potions
 b - 2 potions of heal wounds
 i - a potion of invisibility {unknown}
 j - a potion of berserk rage {unknown}


   Skills:
 - Level 1.3 Fighting
 + Level 0.2 Short Blades
 + Level 3.0 Dodging
 - Level 1.5 Stealth
 * Level 3.8 Spellcasting


You couldn't memorise any spells.
You knew the following spells:

 Your Spells              Type           Power      Damage    Failure   Level
a - Magic Dart            Conj           80%        1d7       2%          1
b - Searing Ray           Conj           40%        2d5       3%          2
c - Dazzling Flash        Conj/Hex       40%        N/A       8%          3
d - Fulminant Prism       Conj/Hex       10%        3d9       24%         4
e - Iskenderun's Mystic   Conj/Tloc      20%        2d6       24%         4
f - Foxfire               Conj/Fire      80%        2x1d8     2%          1
Your spell library was empty.

Dungeon Overview and Level Annotations

Branches:
Dungeon (4/15)
 Temple: D:4-7

Altars:

Shops:
D:3 [


Innate Abilities, Weirdness & Mutations

You are immune to sickness and miasma.
You are immune to poison.
Your flesh is very heat resistant. (rF++)
You are vulnerable to cold. (rC-)
You float through the air rather than walking.
You learn spells naturally, not from books.
Your magical power is your life essence.
You have superior vitality. (+4 MHP)


Message History

Your foxfire dissipates!
Casting: Foxfire (safe; 2% risk of failure)
Confirm with . or Enter, or press ? or * to list all spells.
You conjure some foxfire!
The foxfire hits the ice beast but does no damage.
The foxfire hits the ice beast but does no damage.
Casting: Foxfire (safe; 2% risk of failure)
Confirm with . or Enter, or press ? or * to list all spells.
You conjure some foxfire!
The ice beast closely misses you.
Casting: Foxfire (safe; 2% risk of failure)
Confirm with . or Enter, or press ? or * to list all spells.
Aiming: Magic Dart (safe; 2% risk of failure)
Press: ? - help, Shift-Dir - straight line, f - ice beast
Aim: an ice beast (ally target, 100% to hit)
The magic dart hits the ice beast but does no damage.
The ice beast hits you. The ice beast freezes you!
You feel a terrible chill!
Casting: Magic Dart (safe; 2% risk of failure)
Confirm with . or Enter, or press ? or * to list all spells.
Aiming: Searing Ray (safe; 3% risk of failure)
Press: ? - help, Shift-Dir - straight line, f/p - ice beast
Aim: an ice beast (ally target, 78% to hit)
The searing ray hits the ice beast.
The ice beast is lightly wounded. (Press . to maintain the ray.)
The ice beast barely misses you.
The searing ray hits the ice beast.
The ice beast is moderately wounded.
The ice beast barely misses you.
The searing ray hits the ice beast.
The ice beast is heavily wounded.
The ice beast barely misses you.
The searing ray hits the ice beast.
The ice beast is heavily wounded.
You finish channelling your searing ray.
The ice beast hits you. The ice beast freezes you!
You feel a terrible chill!
* * * LOW HITPOINT WARNING * * *
The ice beast hits you.
* * * LOW HITPOINT WARNING * * *
The ice beast freezes you!
You feel a terrible chill!
You die...

.....## .....#
..... .... #+ #..
#.# #.# #..##.###
#....Y..#
#..##@#.#
#....v#.##
....#.....<####
....#.........#
................#
................#
.##.........#####
#.......#.#
#.....^.#.#


You could see an ice beast (ally target).

Vanquished Creatures
  2 adders (D:2)
  An adder skeleton (D:2)
  2 dart slugs
  5 bats
  5 endoplasms
  2 giant cockroaches (D:3)
  4 hobgoblins
  2 jackals (D:1)
  A quokka (D:2)
  4 ball pythons
  2 goblins (D:3)
  4 kobolds
  2 rats (D:1)
36 creatures vanquished.

Vanquished Creatures (others)
  10 foxfires
10 creatures vanquished.

Grand Total: 46 creatures vanquished

Notes
Turn   | Place    | Note
-------+----------+-------------------------------------------
     0 | D:1      | skittles the Djinni Conjurer began the quest for the Orb.
     0 | D:1      | Reached XP level 1. HP: 15/15 MP: 0/0
   484 | D:1      | Reached XP level 2. HP: 19/22 MP: 0/0
   530 | D:1      | Found a faded altar of an unknown god.
  1521 | D:2      | Reached XP level 3. HP: 23/26 MP: 0/0
  1521 | D:2      | Learned a level 1 spell: Foxfire
  1585 | D:2      | Reached skill level 1 in Fighting
  2413 | D:3      | Reached XP level 4. HP: 30/32 MP: 0/0
  2911 | D:3      | Found Naotaph's Armour Boutique.
  3330 | D:4      | Noticed an ice beast
  3344 | D:4      | HP: 1/32 [ice beast (2)]
  3344 | D:4      | Mangled by an ice beast

Illustrated notes

Levels and vault maps discovered:
D:1:      matt_arrival_refuge, layout_loops_ring,
          chequers_ecumenical_altar_simple
D:2:      layout_loops_cross, supply_closet_lemuel
D:3:      layout_basic, serial_shops, nicolae_shop_hallway_plus,
          kennysheep_potato
D:4:      layout_basic, mrwooster_statue_mirror

Skill      XL: |  1  2  3  4 |
---------------+-------------+-----
Fighting       | 1 |  1.3
Dodging        | 3 |  3.0
Short Blades   | |  0.2
Stealth        | |  1.5
Spellcasting   | |  3.8

Action                   |  1- 3 |  4- 6 || total
-------------------------+-------+-------++-------
Melee: Unarmed           |     1 |       ||     1
       Short sword       |     3 |    11 ||    14
 Cast: Magic Dart        |    41 |    17 ||    58
       Searing Ray       |     5 |     1 ||     6
       Foxfire           |     6 |     4 ||    10
  Use: Potion            |     3 |       ||     3
       Scroll            |     2 |       ||     2
Armor: Robe              |     5 |     2 ||     7
Dodge: Dodged            |    22 |    10 ||    32

Table legend: (Time is in decaauts)
 A = Elapsed time spent in this place.
 B = Non-inter-level travel time spent in this place.
 C = Inter-level travel time spent in this place.
 D = Time resting spent in this place.
 E = Time spent auto-exploring this place.
 F = Levels seen in this place.
 G = Mean time per level.
                   A        B        C        D        E       F      G
               +--------+--------+--------+--------+--------+-----+--------+
         Total |   3344 |   3238 |    106 |    489 |   2494 |   4 |  836.0 |
       Dungeon |   3344 |   3238 |    106 |    489 |   2494 |   4 |  836.0 |
               +--------+--------+--------+--------+--------+-----+--------+

Top non-repeatable levels by time:
     D:1: 1406 daAuts
     D:3: 1002 daAuts
     D:2: 916 daAuts
     D:4: 18 daAuts
